General information
- name: fewa
- type: Custom game
- host: MUGARO
- saver: MUGARO
map: TurtleRock
- players: 2
- length: 10:14
- speed: Fast
- version: 1.24 W3XP
- replay type: Public
» download(31 KB)
Players
team 1 (winner)

»
MUGARO (
green | 80 APM | 817 actions | 10:14)
3 Demon Hunter
2 Mana Burn
1 Evasion
3 Naga Sea Witch
2 Frost Arrows
1 Forked Lightning
» actions
| Assign group hotkey | 7 | |
| Basic commands | 5 | |
| Build / train | 33 | |
| Enter build submenu | 15 | |
| Enter hero's abilities submenu | 6 | |
| Give item / drop item | 2 | |
| Right click | 377 | |
| Select / deselect | 249 | |
| Select group hotkey | 79 | |
| Use ability | 44 | |
817 total
» units
| Wisp | 10 | |
| Druid of the Claw | 4 | |
| Dryad | 3 | |
17 total
» upgrades
| Ultravision | 1 | |
| Druid of the Claw Training | 2 | |
3 total
» buildings
| Altar of Elders | 1 | |
| Moon Well | 6 | |
| Ancient of War | 1 | |
| Tree of Ages | 1 | |
| Hunter's Hall | 1 | |
| Ancient of Wonders | 1 | |
| Ancient of Lore | 2 | |
| Tree of Eternity | 1 | |
14 total
» build order
00:10 Altar of Elders
00:17 Moon Well
00:58 Ancient of War
01:30 Moon Well
02:40 Tree of Ages
02:48 Hunter's Hall
03:08 Ancient of Wonders
03:23 Moon Well
03:24 Moon Well
04:28 Moon Well
05:12 Ancient of Lore
05:16 Ancient of Lore
05:55 Tree of Eternity
09:59 Moon Well
» items
| Circlet of Nobility | 1 | |
| Boots of Speed | 1 | |
| Dust of Appearance | 1 | |
3 total
team 2 (loser)

»
ROTS19 (
orange | 66 APM | 673 actions | 10:11)
1 Demon Hunter
1 Mana Burn
» actions
| Assign group hotkey | 14 | |
| Basic commands | 1 | |
| Build / train | 28 | |
| Enter build submenu | 9 | |
| Enter hero's abilities submenu | 1 | |
| Remove unit from queue | 6 | |
| Right click | 360 | |
| Select / deselect | 187 | |
| Select group hotkey | 36 | |
| Use ability | 31 | |
673 total
» units
» buildings
| Altar of Elders | 1 | |
| Moon Well | 3 | |
| Ancient of War | 1 | |
| Hunter's Hall | 1 | |
6 total
» build order
00:03 Altar of Elders
00:14 Moon Well
00:34 Ancient of War
03:08 Hunter's Hall
04:41 Moon Well
04:47 Moon Well
Chat log
(00:39 / All) MUGARO: thisll be 3 games of me doing silly strategies
(00:46 / All) MUGARO: cant let people see what i really do
(00:57 / All) ROTS19: i think the only way it will turn to 3 games is if you start killing yourself
(01:25 / All) ROTS19: this already looks bad lol
(01:33 / All) MUGARO: yeah it does thats a late aow
(02:05 / All) ROTS19: AW WHAT
(02:12 / All) ROTS19: so mouch for ancients being summoned
(02:21 / All) MUGARO: they definitely arent
(02:30 / All) ROTS19: was joking lol
(10:07 / All) ROTS19: ok gg
(10:09 / All) MUGARO: gg
(10:12 / All) MUGARO: e